 Dungeon Sprint DCSS version 0.18-a0-1788-g92de1ac (webtiles) character file.

4391 Kidiri the Covert (level 10, -27/50 (51) HPs)
             Began as a Spriggan Enchanter on Apr 19, 2016.
             Was a Believer of Dithmenos.
             Shot with an arrow by a deep elf master archer (36 damage)
             ... in the Dungeon (Sprint II: "The Violet Keep of Menkaure").
             The game lasted 00:09:00 (1185 turns).

Kidiri the Covert (Spriggan Enchanter)              Turns: 1185, Time: 00:09:01

HP:   -27/50 (51)   AC:  6    Str:  8    XL:     10   Next: 13%
MP:   20/26         EV: 28    Int: 27    God:    Dithmenos [**....]
Gold: 337           SH:  0    Dex: 16    Spells: 5 memorised, 20 levels left

rFire  + . .     SeeInvis +     a - +1 dagger
rCold  + + +     Gourm    .     f - +2 robe "Daushrel" {rC+++ Str+4 Dex-3 SInv}
rNeg   . . .     Faith    .     (shield restricted)
rPois  .         Spirit   .     (helmet restricted)
rElec  .         Dismiss  +     e - +1 cloak
rCorr  .         Reflect  .     (gloves unavailable)
SustAt .         Harm     .     (boots unavailable)
MR     +....     NoTele   +     h - amulet of Ligu {Dismiss rF+ rC+ Int+4}
Stlth  +++++++++.               (no ring)
                                l - +5 ring of intelligence

@: wreathed by umbra, very quick, somewhat resistant to hostile enchantments,
incredibly stealthy
A: unfitting armour, see invisible, herbivore 3, speed 3, slow metabolism 2
a: Shadow Step, Renounce Religion


You were in the Dungeon.
You worshipped Dithmenos.
Dithmenos was pleased with you.
You were not hungry.

You visited 1 branch You collected 1296 gold pieces.
You spent 959 gold pieces at shops.

Inventory:

Hand Weapons
 a - a +1 dagger (weapon)
Armour
 b - a +1 robe
 e - a +1 cloak (worn)
 f - the +2 robe "Daushrel" (worn) {rC+++ Str+4 Dex-3 SInv}
   (You bought it in a shop in the Dungeon)

   It affects your strength (+4).
   It affects your dexterity (-3).
   It renders you almost immune to cold.
   It lets you see invisible.
Jewellery
 h - the amulet of Ligu (around neck) {Dismiss rF+ rC+ Int+4}
   (You bought it in a shop in the Dungeon)

   [amulet of dismissal]

   It may teleport away creatures that harm you.
   It affects your intelligence (+4).
   It protects you from fire.
   It protects you from cold.
 l - a +5 ring of intelligence (left hand)
Scrolls
 j - a scroll of blinking
Potions
 g - a potion of haste
 i - a potion of berserk rage
 k - a potion of flight {unknown}
Books
 c - a book of Maledictions

   Spells                             Type                      Level
   a - Corona                         Hexes                        1
   b - Ensorcelled Hibernation        Hexes/Ice                    2
   c - Confuse                        Hexes                        3
   d - Tukima's Dance                 Hexes                        3
   e - Dazzling Spray                 Conjuration/Hexes            3
Comestibles
 d - a bread ration


   Skills:
 + Level 5.5 Fighting
 * Level 10.5 Short Blades
 + Level 5.0 Armour
 * Level 13.3 Dodging
 * Level 14.6 Stealth
 * Level 11.6 Spellcasting
 + Level 4.5 Conjurations
 + Level 8.8 Hexes
 + Level 5.0 Ice Magic
 + Level 2.9 Invocations


You had 20 spell levels left.
You knew the following spells:

 Your Spells              Type           Power        Failure   Level  Hunger
a - Corona                Hex            ######.      1%          1    None
b - Ensorcelled Hibernat  Hex/Ice        ######       1%          2    None
c - Confuse               Hex            ######..     1%          3    None
d - Tukima's Dance        Hex            ######..     1%          3    None
e - Dazzling Spray        Conj/Hex       ######..     1%          3    None


Dungeon Overview and Level Annotations

Branches:
Dungeon (1/1)

Altars:
Cheibriados
Dithmenos
Elyvilon
Fedhas
Gozag
Kikubaaqudgha
Makhleb
Nemelex Xobeh
Okawaru
Pakellas
Qazlal
Ru
Sif Muna
Trog
Vehumet
Xom
Yredelemnul
Zin
The Shining One
Beogh
Jiyva
Lugonu

Shops:
D }:[?}([!%[=:%}!=

Annotations:
D exclusion: oklob plant


Innate Abilities, Weirdness & Mutations

You are tiny and cannot use many weapons and most armour.
You have supernaturally acute eyesight.
You are a herbivore.
You cover ground extremely quickly.
You need consume almost no food.


Message History

Aiming: Ensorcelled Hibernation
Press: ? - help, Shift-Dir - straight line, f/p - deep elf master archer
Aim: a deep elf master archer, wielding a longbow and wearing a leather armour (lightly wounded, umbra, chance to defeat MR: 11%)
The deep elf master archer resists with almost no effort.
The deep elf master archer shoots an arrow.
The arrow misses you.
Casting: Ensorcelled Hibernation
Confirm with . or Enter, or press ? or * to list all spells.
Aiming: Dazzling Spray
Press: ? - help, Shift-Dir - straight line, f/p - deep elf master archer
Aim: a deep elf master archer, wielding a longbow and wearing a leather armour (lightly wounded, umbra)
The spray of energy misses the deep elf master archer.
The deep elf master archer shoots an arrow.
The arrow hits you!!!
Ouch! That really hurt!
* * * LOW HITPOINT WARNING * * *
The deep elf master archer shoots an arrow.
The arrow hits you!!!
Ouch! That really hurt!
You die...

+#### ≈§≈§§§≈## §§§§§§§##
≈§8§§§§≈##++## ## §§≈§§≈##≈§..###
≈## §≈≈≈ #.§...^.#
≈≈#+++#+++#####(...#
≈≈...%.....#%%+.@..#
≈≈≈.##+##..#..####e#
≈≈≈##.#.##.####..+.##.#
≈≈≈#..#..# ...#..#...####
≈####...####..#####..##.# [!?
##.###'###.##..#.%+e.#.)#▓?!?)(
#..)##.###..#..#..#..#.%#▓$($()%
+.#.'.<.'##.'..####..##(#▓)![[?$)
#...##.##.#.#....###.^.##▓▓▓▓▓▓▓+


You could see a deep elf master archer.

Vanquished Creatures
  A hell hog (D)
  2 unseen horrors (D)
  A siren (D)
  A yaktaur (D)
  3 polar bears (D)
  A blink frog (D)
  4 neqoxecs (D)
  3 soldier ants (D)
  A wasp (D)
  4 necrophages (D)
  2 crocodiles (D)
  4 worker ants (D)
27 creatures vanquished.

Vanquished Creatures (others)
  Menkaure (D)
1 creature vanquished.

Grand Total: 28 creatures vanquished

Notes
Turn   | Place    | Note
--------------------------------------------------------------
     0 | D        | Kidiri the Spriggan Enchanter began the quest for the Orb.
     0 | D        | Reached XP level 1. HP: 9/9 MP: 5/5
     1 | D        | Noticed a worker ant
     1 | D        | Noticed a worker ant
     5 | D        | Noticed a necrophage
     5 | D        | Noticed a necrophage
     5 | D        | Noticed a necrophage
     5 | D        | Noticed a necrophage
     6 | D        | Killed Menkaure
    11 | D        | Noticed a worker ant
    11 | D        | Noticed a worker ant
    12 | D        | Killed a worker ant
    12 | D        | Reached skill level 1 in Fighting
    12 | D        | Reached skill level 1 in Armour
    12 | D        | Reached skill level 5 in Stealth
    12 | D        | Reached XP level 2. HP: 14/14 MP: 5/7
    14 | D        | Reached skill level 6 in Stealth
    14 | D        | Reached XP level 3. HP: 18/18 MP: 5/9
    48 | D        | Reached skill level 5 in Dodging
    48 | D        | Reached XP level 4. HP: 18/22 MP: 5/11
    66 | D        | Learned a level 2 spell: Ensorcelled Hibernation
    70 | D        | Learned a level 3 spell: Confuse
    74 | D        | Learned a level 3 spell: Tukima's Dance
    78 | D        | Learned a level 3 spell: Dazzling Spray
   158 | D        | Reached skill level 7 in Stealth
   158 | D        | Reached skill level 5 in Spellcasting
   169 | D        | Noticed a siren
   187 | D        | Killed a siren
   187 | D        | Reached skill level 9 in Stealth
   187 | D        | Reached skill level 5 in Hexes
   187 | D        | Reached XP level 5. HP: 28/28 MP: 12/16
   187 | D        | Reached XP level 6. HP: 32/32 MP: 12/17
   226 | D        | Noticed a neqoxec
   229 | D        | Killed a neqoxec
   229 | D        | Reached skill level 10 in Stealth
   229 | D        | Reached XP level 7. HP: 36/36 MP: 19/19
   230 | D        | Noticed a neqoxec
   231 | D        | Killed a neqoxec
   232 | D        | Noticed a neqoxec
   232 | D        | Noticed a neqoxec
   234 | D        | Killed a neqoxec
   234 | D        | Reached skill level 11 in Stealth
   236 | D        | Killed a neqoxec
   236 | D        | Reached skill level 10 in Dodging
   253 | D        | Reached XP level 8. HP: 42/42 MP: 12/22
   347 | D        | Noticed an obsidian statue
   359 | D        | Reached skill level 12 in Stealth
   375 | D        | Noticed a flying skull
   375 | D        | Noticed a flying skull
   376 | D        | Noticed a flying skull
   376 | D        | Noticed a flying skull
   376 | D        | Noticed a flying skull
   377 | D        | Noticed a flying skull
   377 | D        | Noticed a flying skull
   378 | D        | Noticed a flying skull
   380 | D        | Noticed a flying skull
   380 | D        | Found Mazybaka's Jewellery Emporium.
   381 | D        | Noticed a flying skull
   381 | D        | Found Gevaec's Gadget Emporium.
   381 | D        | Found Tuh Wuf's Food Shoppe.
   430 | D        | Noticed a flying skull
   434 | D        | Noticed a flying skull
   464 | D        | Noticed a blink frog
   466 | D        | Killed a blink frog
   469 | D        | Found Lynecw's Jewellery Emporium.
   469 | D        | Found Hagaess's Antique Armour Shoppe.
   471 | D        | Found Nucasoyk's Antique Armour Emporium.
   471 | D        | Found Fuun's Antique Weapon Shoppe.
   471 | D        | Found Weng's Distillery.
   471 | D        | Found Wuqely's Food Emporium.
   472 | D        | Found Uruuck's Book Emporium.
   472 | D        | Found Vaidd's Gadget Shoppe.
   472 | D        | Noticed a griffon
   473 | D        | Found Ucihid's Distillery.
   475 | D        | Found Wiybbe Giebb's Magic Scroll Shoppe.
   475 | D        | Found Goehet's Antique Armour Emporium.
   475 | D        | Noticed a griffon
   475 | D        | Noticed a griffon
   475 | D        | Noticed an oklob plant
   476 | D        | Found Paiga's Gadget Shoppe.
   476 | D        | Found Voaso's Book Shoppe.
   477 | D        | Noticed a spiny frog
   478 | D        | Noticed a spiny frog
   482 | D        | Noticed an iron elemental
   486 | D        | Bought an embroidered cloak for 135 gold pieces
   486 | D        | Bought a faintly humming robe for 171 gold pieces
   496 | D        | Identified the +2 robe "Daushrel" {rC+++ Str+4 Dex-3 SInv} (You bought it in a shop in the Dungeon)
   510 | D        | Bought the amulet of Ligu {Dismiss rF+ rC+ Int+4} for 653 gold pieces
   549 | D        | Found a deep blue altar of Sif Muna.
   550 | D        | Found a sparkling altar of Nemelex Xobeh.
   550 | D        | Found a shimmering altar of Xom.
   551 | D        | Found a snail-covered altar of Cheibriados.
   551 | D        | Found a viscous altar of Jiyva.
   551 | D        | Found a burning altar of Makhleb.
   551 | D        | Found a radiant altar of Vehumet.
   552 | D        | Found a white marble altar of Elyvilon.
   552 | D        | Found a roughly hewn altar of Beogh.
   552 | D        | Found a glowing golden altar of the Shining One.
   552 | D        | Found a bloodstained altar of Trog.
   552 | D        | Found an iron altar of Okawaru.
   554 | D        | Found an ancient bone altar of Kikubaaqudgha.
   554 | D        | Found a shadowy altar of Dithmenos.
   554 | D        | Found an opulent altar of Gozag.
   555 | D        | Found a basalt altar of Yredelemnul.
   555 | D        | Found a stormy altar of Qazlal.
   555 | D        | Found a glowing silver altar of Zin.
   556 | D        | Found a blossoming altar of Fedhas.
   556 | D        | Found a corrupted altar of Lugonu.
   558 | D        | Noticed a yaktaur
   558 | D        | Noticed a polar bear
   559 | D        | Noticed a polar bear
   559 | D        | Noticed a polar bear
   571 | D        | Killed a polar bear
   571 | D        | Reached skill level 10 in Spellcasting
   576 | D        | Killed a polar bear
   576 | D        | Reached XP level 9. HP: 41/45 MP: 11/24
   577 | D        | Killed a polar bear
   577 | D        | Reached skill level 13 in Stealth
   582 | D        | Killed a yaktaur
   608 | D        | Found an oddly glowing altar of Pakellas.
   608 | D        | Found a sacrificial altar of Ru.
   612 | D        | Became a worshipper of Dithmenos the Shadowed
   624 | D        | Noticed a hell hog
   625 | D        | Noticed a hell hog
   629 | D        | Killed a hell hog
   629 | D        | Reached skill level 5 in Fighting
   629 | D        | Reached skill level 1 in Invocations
   702 | D        | Noticed an unseen horror
   703 | D        | Noticed an unseen horror
   706 | D        | Killed an unseen horror
   706 | D        | Reached * piety under Dithmenos
   706 | D        | Reached skill level 10 in Short Blades
   706 | D        | Reached skill level 14 in Stealth
   708 | D        | Killed an unseen horror
   708 | D        | Reached XP level 10. HP: 34/50 MP: 20/26
   810 | D        | Noticed a deep elf master archer
   815 | D        | Reached skill level 5 in Ice Magic
   818 | D        | Reached ** piety under Dithmenos
   818 | D        | Reached skill level 5 in Armour
  1185 | D        | Shot with an arrow by a deep elf master archer

Vault maps used:
D:        the_violet_keep_of_menkaure

Skill      XL: |  1  2  3  4  5  6  7  8  9 10 |
---------------+-------------------------------+-----
Fighting       | 1 3 4 5 |  5.5
Short Blades   | 2 3 6 7 9 10 | 10.5
Armour         | 1 2 3 4 5 |  5.0
Dodging        | 4 5 8 9 10 11 13 | 13.3
Stealth        | 5 6 9 10 11 12 14 | 14.6
Spellcasting   | 3 4 7 9 10 11 | 11.6
Hexes          | 4 5 6 7 8 |  8.8
Conjurations   | 2 3 4 |  4.5
Ice Magic      | 2 3 4 5 |  5.0
Invocations    | 2 |  2.9

Action                   |  1- 3 |  4- 6 |  7- 9 | 10-12 || total
-------------------------+-------+-------+-------+-------++-------
Melee: Dagger            |    29 |    11 |    38 |     3 ||    81
 Cast: Corona            |     3 |       |       |       ||     3
       Tukima's Dance    |       |     2 |       |       ||     2
       Confuse           |       |     1 |    10 |     2 ||    13
       Ensorcelled Hiber |       |     1 |    14 |     4 ||    19
       Dazzling Spray    |       |       |     5 |     1 ||     6
  Use: Potion            |     2 |     1 |     1 |       ||     4
 Stab: Sleeping          |     2 |     2 |    10 |     3 ||    17
       Confused          |       |     2 |     5 |       ||     7
       Invisible         |       |       |     3 |       ||     3
Armor: Robe              |     1 |       |     3 |       ||     4
Dodge: Dodged            |    27 |     2 |    58 |     2 ||    89
